 Dungeon Crawl Stone Soup version 0.30-a0-862-g1aabd4f9c5 (webtiles) character file.

Game seed: 4635107314345066843

7 Morbidden the Trooper (level 2, -1/28 HPs)
             Began as a Naga Fighter on Mar 9, 2023.
             Slain by a hobgoblin (4 damage)
             ... on level 1 of the Dungeon.
             The game lasted 00:00:34 (246 turns).

Morbidden the Trooper (Naga Fighter)                 Turns: 246, Time: 00:00:35

Health: -1/28      AC:  4    Str: 18    XL:     2   Next: 0%
Magic:  11/11      EV:  7    Int:  8    God:
Gold:   13         SH:  4    Dex: 10    Spells: 1/1 levels left

rFire   . . .      SeeInvis +    a - +0 trident
rCold   . . .      Faith    .    c - +0 buckler
rNeg    . . .      Spirit   .    b - +0 scale mail
rPois   +          Reflect  .    (no helmet)
rElec   .          Rampage  .    (no cloak)
rCorr   .                        (no gloves)
Will    .....                    (no barding) Stlth
                                 (no amulet)
HPRegen 0.24/turn                k - ring of magical power
MPRegen 0.12/turn                (no ring)

@: short of breath, unable to read, very slow
A: AC +0, large, see invisible, deformed body, poison resistance, slowness 2,
spit poison 1, naga tail 1, inability to read after injury 1
a: Spit Poison


You were on level 1 of the Dungeon.
You visited 1 branch of the dungeon, and saw 1 of its levels.

You collected 13 gold pieces.

Inventory:

Hand Weapons
 a - a +0 trident (weapon)
Missiles
 e - 5 silver javelins
Armour
 b - a +0 scale mail (worn)
 c - a +0 buckler (worn)
Jewellery
 k - a ring of magical power (left hand)
Scrolls
 f - a scroll of identify {unknown}
 i - a scroll of blinking {unknown}
 j - 2 scrolls of vulnerability {unknown}
Potions
 d - a potion of might
 h - a potion of berserk rage {unknown}


   Skills:
 * Level 3.1 Fighting
 * Level 2.0 Polearms
 * Level 2.5 Armour
 * Level 0.1 Dodging
 * Level 2.8 Shields
 * Level 0.1 Spellcasting


You had one spell level left.
You didn't know any spells.
Your spell library was empty.

Dungeon Overview and Level Annotations

Branches:
Dungeon (1/15)

Altars:


Innate Abilities, Weirdness & Mutations

Your serpentine skin is tough. (AC +0)
You have supernaturally acute eyesight. (SInv)
Armour fits poorly on your strangely shaped body.
Your system is resistant to poisons. (rPois)
You cover ground very slowly.
You can spit poison.
You have a snake-like lower body.
You occasionally lose the ability to read scrolls when taking damage.


Message History

You are too injured to fight recklessly!
Unknown command.
There are monsters nearby!
You are too injured to fight recklessly!
Unknown command.
Unknown command.
Unknown command.
You aren't carrying any items that you can evoke.
Unknown command.
You hit the endoplasm.
The endoplasm is moderately wounded.
The endoplasm freezes you.
You are frozen.
* * * LOW HITPOINT WARNING * * *
The hobgoblin hits you.
* * * LOW HITPOINT WARNING * * *
Unknown command.
Unknown command.
You puncture the endoplasm!
You kill the endoplasm!
The hobgoblin hits you.
* * * LOW HITPOINT WARNING * * *
You have reached level 2!
Unknown command.
Unknown command.
It was a potion of mutation.
You feel extremely strange.
You occasionally lose the ability to read scrolls when taking damage.
A rat comes into view.
You block the hobgoblin's attack. The rat bites you but does no damage.
The hobgoblin completely misses you.
Unknown command.
Aiming: Spit Poison (2% risk of failure)
Press: ? - help, Shift-Dir - straight line, f - hobgoblin
Aim: a hobgoblin (59% to hit)
The splash of poison hits the hobgoblin.
The hobgoblin is severely wounded.
The hobgoblin closely misses you. The rat closely misses you.
The hobgoblin hits you.
You feel threatened and lose the ability to read scrolls!
You die...

#[# #.#.##.# #..r #.#
#..# #.# #.. #.# #>#
#.######
########.####......#
......rg..#......#.#####
......g@.....###.#.##...
.........##..†...#.##...
###########+####........
.......#.#....
...#####.##... . ..#####
#### ## #. #.


You could see 2 hobgoblins and 2 rats.

Vanquished Creatures
  A ball python (D:1)
  2 endoplasms (D:1)
  A goblin (D:1)
  A frilled lizard (D:1)
  A rat (D:1)
6 creatures vanquished.

Notes
Turn   | Place    | Note
-------+----------+-------------------------------------------
     0 | D:1      | Morbidden the Naga Fighter began the quest for the Orb.
     0 | D:1      | Reached XP level 1. HP: 21/21 MP: 1/1
   245 | D:1      | Reached XP level 2. HP: 2/28 MP: 2/2
   245 | D:1      | Gained mutation: You occasionally lose the ability to read
                  | scrolls when taking damage. [potion of mutation]
   246 | D:1      | Slain by a hobgoblin

Illustrated notes

Levels and vault maps discovered:
D:1:      beargit_arrival_greenhouse, layout_basic,
          chequers_ecumenical_altar_twisty

Action                     || total
---------------------------++-------
  Melee: Trident           ||    26
Ability: Spit Poison       ||     1
    Use: Potion            ||     1
 Armour: Scale mail        ||     6
  Dodge: Dodged            ||     9
  Block: Buckler           ||     7

Table legend: (Time is in decaauts)
 A = Elapsed time spent in this place.
 B = Non-inter-level travel time spent in this place.
 C = Inter-level travel time spent in this place.
 D = Time resting spent in this place.
 E = Time spent auto-exploring this place.
 F = Levels seen in this place.
 G = Mean time per level.
                   A        B        C        D        E       F      G
               +--------+--------+--------+--------+--------+-----+--------+
         Total |    293 |    293 |      0 |      0 |    212 |   1 |  293.0 |
       Dungeon |    293 |    293 |      0 |      0 |    212 |   1 |  293.0 |
               +--------+--------+--------+--------+--------+-----+--------+

Top non-repeatable levels by time:
     D:1: 293 daAuts
